Map: Ley Lines

Players

Vaisravana - Winner!

  • Race: Zerg Zerg
  • Spawn Location: 7:00

A.I. 1 (Very Easy)

  • Race: Terran Terran
  • Spawn Location: 1:00

VOD

Have the link to the VOD?

Description

Time

  • Played on: May 14, 2025, 7:14 a.m.
  • Length: 7:19
Show
View Real Time Build Order
Export as new Build Order

Vaisravana Zerg - Winner!

Build Orders: Pool First 

Get SALT Encoding   

  12  0:00  Drone  
  13  0:12  Overlord  
  13  0:17  Drone  
  14  0:30  Drone x2  
  16  0:40  Spawning Pool  
  15  0:45  Drone  
  15  0:48  Drone  
  17  1:08  Hatchery  
  17  1:10  Drone  
  17  1:15  Extractor  
  16  1:27  Zergling x4  
  16  1:28  Zergling x2  
  19  1:33  Queen  
  21  1:40  Drone  
  22  1:49  Overlord  
  22  2:07  Drone  
  23  2:09  Queen  
  23  2:11  Drone  
  26  2:15  Metabolic Boost  
  26  2:20  Drone  
  26  2:22  Drone  
  28  2:32  Queen  
  28  2:36  Drone  
  31  2:41  Drone  
  32  2:46  Overlord  
  32  2:53  Lair  
  32  3:00  Drone x2  
  34  3:06  Drone x2, Extractor  
  34  3:08  Drone  
  36  3:14  Drone  
  36  3:15  Drone  
  36  3:17  Drone  
  39  3:20  Drone  
  39  3:22  Zergling x2  
  42  3:27  Drone  
  42  3:28  Zergling x2  
  42  3:29  Zergling x2  
  44  3:38  Overlord  
  44  3:50  Spire  
  44  3:53  Drone  
  44  3:56  Extractor x2  
  44  3:57  Overseer  
  44  3:59  Drone x4  
  46  4:03  Drone x2  
  48  4:10  Baneling Nest  
  48  4:16  Drone x4  
  51  4:23  Overlord  
  51  4:25  Drone  
  52  4:35  Overlord  
  52  4:38  Overlord  
  52  4:45  Drone x3  
  55  4:46  Drone  
  55  4:51  Zergling x2  
  55  4:52  Zergling x6  
  60  4:55  Centrifugal Hooks  
  60  5:01  Mutalisk x2  
  60  5:02  Mutalisk  
  60  5:06  Mutalisk  
  68  5:11  Overlord  
  68  5:12  Mutalisk  
  70  5:17  Mutalisk  
  72  5:25  Zergling x8  
  72  5:26  Overlord  
  76  5:29  Overlord  
  76  5:38  Zergling x6  
  79  5:43  Zergling x8  
  83  5:53  Hatchery  
  82  6:01  Zergling x2  
  82  6:02  Zergling x4  
  85  6:08  Zergling x2  
  86  6:12  Baneling x2  
  86  6:13  Baneling x17  
  86  6:15  Zergling x2  
  87  6:22  Zergling x8  
  91  6:31  Zergling x6  
  94  6:37  Overlord  
  94  6:39  Drone  
  95  6:42  Drone x5  
  99  6:48  Drone x2, Evolution Chamber  
  99  6:49  Evolution Chamber  
  99  6:50  Drone  
  94  6:57  Drone  
  94  7:00  Drone  
Show
View Real Time Build Order
Export as new Build Order

A.I. 1 (Very Easy) Terran 

Build Orders:  

Get SALT Encoding   

  12  0:00  SCV  
  13  0:13  SCV  
  14  0:18  Supply Depot  
  14  0:37  Refinery  
  14  0:42  Barracks  
  14  1:04  Supply Depot  
  14  1:11  Refinery  
  14  1:29  Orbital Command  
  14  1:30  Barracks Tech Lab  
  14  1:47  Marine  
  15  1:55  SCV  
  16  2:07  SCV  
  17  2:19  SCV  
  18  2:29  Marine  
  19  2:31  SCV  
  20  2:44  SCV  
  21  2:56  SCV  
  22  3:11  Marauder  
  24  4:22  SCV  
  24  5:50  SCV  
  24  5:54  Marine  
  25  5:57  Supply Depot  
  25  6:23  Marauder  
  25  6:24  SCV  
  26  6:27  Factory  
  26  6:30  Supply Depot  
  26  6:36  SCV  
  19  6:48  SCV  
Tags
 
Matchup
TvZ
Opening
Pool First
Spawn Locations
Cross Positions
Add a new tag
Caveats
  • Supply blocks, unpowered buildings, or Contaminate may cause inaccurate times.
  • Supply counts are checked every 10 seconds.